cohdb
Replays
Latest Replays
All Replays
Popular Replays
Top Player Replays
Match Explorer
How It Works
Community
CoH3 Stats
Reddit
Sign in to upload your games and track your stats! →
Sign in with Steam
Match 42072764
Unlisted
Match 42072764
Overview
Messages
Build Orders
End
Panzergrenadier Squad
Kradschützen Motorcycle Team
Panzergrenadier Squad
Construct Light Support Kompanie
Fire Support Elements
Flakvierling Half-track
Panzerjäger Mechanized Group
Selects Panzerjäger Kommand Battlegroup
Selects Tank Busters
MG34 Team
Selects Mine Fields
Selects Defensive Positions
2.5-tonne Medical Truck
Construct Mechanized Kompanie
Veteran Squad Leaders
Selects Butterfly Bomb Drop
Marder III Tank Destroyer
Vehicle Survival Package
StuG III D Assault Gun
Selects Crew Shock Tactics
Emergency Repair Kits
18-tonne Recovery Half-track
Selects Anti-tank Overwatch
Panzergrenadier Squad
Panzerjäger Squad
[82AD] PaulVmax
HighPraetorian
Viktor
Lobo
Joker
jhc0928d
0
0
Comments
sign in to comment!
No comments posted yet!